 Dungeon Crawl Stone Soup version 0.20.0-15-g7f486f2 (webtiles) character file.

58 Monsterracer the Chopper (level 3, -4/30 HPs)
             Began as a Minotaur Arcane Marksman on June 10, 2017.
             Slain by Purgy (6 damage)
             ... on level 3 of the Dungeon.
             The game lasted 00:03:11 (1675 turns).

Monsterracer the Chopper (Minotaur Arcane Marksman) Turns: 1675, Time: 00:03:11

Health: -4/30      AC:  7    Str: 14 (15) XL:     3   Next: 75%
Magic:  3/3        EV:  9    Int:  7 (10) God:
Gold:   218        SH:  0    Dex:  8 (10) Spells: 3/4 levels left

rFire    . . .     SeeInvis .   j - +0 hand axe
rCold    . . .     Gourm    .   (no shield)
rNeg     . . .     Faith    .   k - +0 scale mail (curse)
rPois    .         Spirit   .   (helmet restricted)
rElec    .         Reflect  .   (no cloak)
rCorr    +         Harm     .   (no gloves)
MR       .....                  u - +0 pair of boots {Fly}
Stlth    ..........             l - amulet of magic regeneration
Regen    0.1/turn               s - ring of resist corrosion
MPRegen  0.2/turn               (no ring)

@: flying
A: retaliatory headbutt, horns 2
a: Stop Flying


You were on level 3 of the Dungeon.
You were not hungry.

You visited 1 branch of the dungeon, and saw 3 of its levels.

You collected 218 gold pieces.

Inventory:

Hand Weapons
 j - a +0 hand axe (weapon)
 r - a +0 spear
Missiles
 c - a javelin (quivered)
Armour
 k - a cursed +0 scale mail (worn)
 t - a cursed +0 leather armour
 u - a +0 pair of boots of flying (worn)
 v - a +0 chain mail
Jewellery
 l - an amulet of magic regeneration (around neck)
 s - a ring of resist corrosion (left hand)
Wands
 b - a wand of acid (6/15)
Scrolls
 a - a scroll of fear {unknown}
 e - a scroll of magic mapping {unknown}
 g - a scroll of summoning {unknown}
 i - 7 scrolls of identify {unknown}
 m - a scroll of recharging {unknown}
 n - 2 scrolls of teleportation {unknown}
 o - 2 scrolls of fog {unknown}
 w - a scroll of amnesia {unknown}
 x - a scroll of remove curse {unknown}
Potions
 q - 3 potions of curing
Comestibles
 f - 3 bread rations
 h - 3 meat rations
 p - a royal jelly


   Skills:
 - Level 2.7 Fighting
 + Level 3.3 Axes
 - Level 2.0 Throwing
 - Level 2.1 Dodging
 - Level 1.0 Spellcasting
 - Level 2.0 Hexes


You had 3 spell levels left.
You knew the following spells:

 Your Spells              Type           Power        Failure   Level  Hunger
a - Corona                Hex            #......      63%         1    ##.....


Dungeon Overview and Level Annotations

Branches:
Dungeon (3/15)

Altars:
Xom

Annotations:
D:3 Purgy


Innate Abilities, Weirdness & Mutations

You reflexively headbutt those who attack you in melee.
You have a pair of horns on your head.


Message History

Aim: Purgy (severely wounded)
You throw a javelin. The javelin hits Purgy.
Purgy is severely wounded.
Purgy closely misses you. Purgy claws you but does no damage. x2
Purgy bites you but does no damage. Purgy closely misses you.
Purgy claws you but does no damage.
Throwing (i - inventory):
c - 3 javelins (quivered)
Press: ? - help, Shift-Dir - straight line, f/p - Purgy
Aim: Purgy (severely wounded)
You throw a javelin. The javelin completely misses Purgy.
Purgy bites you.
* * * LOW HITPOINT WARNING * * *
Purgy claws you but does no damage. Purgy claws you.
* * * LOW HITPOINT WARNING * * *
Throwing (i - inventory):
c - 2 javelins (quivered)
Press: ? - help, Shift-Dir - straight line, f/p - Purgy
Aim: Purgy (severely wounded)
You throw a javelin. The javelin hits Purgy.
Purgy is severely wounded.
Purgy bites you.
You die...

#.# .##.# ####.##.#
###(....... .#
...#..##.# .#
#..#..##.##.##
#.T#..##.##..##
#####.@#..#...#...
...........#.#.#.##
######...#...#....###
#...#.####.....####
#..##...#....##...#
#..####.#...##.###.
#... #........# #.
..#. ####.###.###.
### #.# #.....


You could see Purgy.

Vanquished Creatures
  2 adders (D:2)
  An ooze (D:1)
  A worm (D:2)
  A dart slug (D:2)
  2 leopard geckos (D:2)
  A ball python (D:2)
  2 giant cockroaches
  2 hobgoblins
  5 kobolds
  A quokka (D:2)
  3 bats
  3 frilled lizards
  7 rats
31 creatures vanquished.

Notes
Turn   | Place    | Note
-------+----------+-------------------------------------------
     0 | D:1      | Monsterracer the Minotaur Arcane Marksman began the quest for the Orb.
     0 | D:1      | Reached XP level 1. HP: 16/16 MP: 1/1
   189 | D:1      | Reached XP level 2. HP: 21/25 MP: 2/2
   634 | D:2      | Reached skill level 1 in Axes
   709 | D:2      | Found a shimmering altar of Xom.
   866 | D:2      | Reached skill level 2 in Axes
   866 | D:2      | Reached XP level 3. HP: 15/30 MP: 3/3
  1355 | D:2      | Reached skill level 3 in Axes
  1654 | D:3      | Noticed Purgy
  1675 | D:3      | Slain by Purgy

Skill      XL: |  1  2  3 |
---------------+----------+-----
Fighting       | 2 |  2.7
Axes           | 2 3 |  3.3
Throwing       | |  2.0
Dodging        | |  2.1
Spellcasting   | |  1.0
Hexes          | |  2.0

Action                   || total
-------------------------++-------
Melee: Club              ||    17
       Headbutt          ||    12
       Hand axe          ||    74
Throw: Javelin           ||    14
       Throwing net      ||     3
 Cast: Corona            ||     1
  Use: Potion            ||     5
  Eat: Chunk             ||     2
Armor: Ring mail         ||    11
       Robe              ||     1
       Scale mail        ||    44
Dodge: Dodged            ||    72
